 Dungeon Crawl Stone Soup version 0.30-a0-395-gfe72c296f8 (webtiles) character file.

Game seed: 16379874356238532780

1409 Depression the Fighter (level 8, -4/77 HPs)
             Began as a Black Draconian Wanderer on Dec 7, 2022.
             Was an Initiate of Ru.
             Engulfed by a steam dragon's steam (6 damage)
             ... on level 5 of the Dungeon.
             The game lasted 00:39:09 (5004 turns).

Depression the Fighter (Black Draconian Wanderer)   Turns: 5004, Time: 00:39:09

Health: -4/77      AC: 10    Str: 15    XL:     8   Next: 42%
Magic:  11/14      EV: 13    Int: 11    God:    Ru [......]
Gold:   280        SH:  0    Dex: 14    Spells: 11/15 levels left

rFire   . . .      SeeInvis .    u - +5 dagger (flame)
rCold   . . .      Faith    .    (no shield)
rNeg    . . .      Spirit   .    (body armour unavailable)
rPois   .          Reflect  .    e - +2 hat
rElec   +          Harm     .    z - +0 cloak
rCorr   .          Rampage  .    v - +0 pair of gloves
Will    .....                    (no boots)
Stlth   +.........               (no amulet)
HPRegen 0.32/turn                (no ring)
MPRegen 0.14/turn                (no ring)

@: no status effects
A: breathe lightning, AC +6, unfitting armour, electricity resistance,
cold-blooded
a: Breathe Lightning, Renounce Religion


You were on level 5 of the Dungeon.
You worshipped Ru.
Ru was noncommittal.
You visited 1 branch of the dungeon, and saw 7 of its levels.
You also visited: Sewer.

You collected 320 gold pieces.
You spent 40 gold pieces at shops.

Inventory:

Hand Weapons
 a - a +0 club
 g - a +0 vampiric dagger
 k - a +0 hand axe of flaming
 u - a +5 dagger of flaming (weapon)
 K - a +1 dagger of electrocution
Missiles
 i - 15 poisoned darts (quivered)
Armour
 e - a +2 hat (worn)
 v - a +0 pair of gloves (worn)
 z - a +0 cloak (worn)
Wands
 c - a wand of polymorph (5)
 F - a wand of roots (6)
 L - a wand of mindburst (20)
Scrolls
 j - 2 scrolls of amnesia {unknown}
 l - a scroll of torment {unknown}
 n - 3 scrolls of immolation {unknown}
 o - 3 scrolls of enchant weapon
 p - 4 scrolls of poison {unknown}
 q - a scroll of silence {unknown}
 s - 4 scrolls of magic mapping
 t - a scroll of teleportation
 w - 4 scrolls of identify {unknown}
 y - a scroll of acquirement {unknown}
 E - a scroll of fear {unknown}
 G - 2 scrolls of butterflies {unknown}
Potions
 b - 2 potions of attraction
 d - 4 potions of heal wounds
 f - 3 potions of brilliance {unknown}
 h - 2 potions of curing {unknown}
 m - 2 potions of mutation {unknown}
 r - 5 potions of lignification {unknown}
 x - 2 potions of flight {unknown}
 A - 3 potions of degeneration {unknown}
 B - a potion of cancellation {unknown}
 C - a potion of magic {unknown}
 D - a potion of invisibility {unknown}
 H - a potion of might {unknown}
 I - a potion of ambrosia {unknown}
 J - a potion of haste {unknown}


   Skills:
 + Level 8.8 Fighting
 - Level 1.0 Throwing
 - Level 4.0 Dodging
 - Level 1.0 Unarmed Combat
 - Level 4.0 Spellcasting
 - Level 2.0 Conjurations
 + Level 3.1 Air Magic
 - Level 2.0 Poison Magic
 - Level 3.0 Evocations


You had 11 spell levels left.
You knew the following spells:

 Your Spells              Type           Power      Damage    Failure   Level
a - Magic Dart            Conj           24%        1d4       11%         1
b - Mephitic Cloud        Conj/Pois/Air  7%         N/A       26%         3

Your spell library contained the following spells:

 Spells                   Type           Power      Damage    Failure   Level
 Call Imp                 Summ           2%         N/A       34%         2
 Call Canine Familiar     Summ           2%         N/A       56%         3
 Frozen Ramparts          Ice            4%         1d1       56%         3
 Portal Projectile        Hex/Tloc       4%         N/A       56%         3
 Summon Guardian Golem    Hex/Summ       2%         N/A       56%         3
 Ice Form                 Ice/Tmut       2%         N/A       93%         4
 Leda's Liquefaction      Hex/Erth       1%         N/A       93%         4
 Summon Ice Beast         Ice/Summ       2%         N/A       93%         4
 Orb of Destruction       Conj           3%         9d5       100%        7
 Spellforged Servitor     Conj/Summ      2%         N/A       100%        7


Dungeon Overview and Level Annotations

Branches:
Dungeon (7/15) Zot: 26833   Sewer (visited)
 Temple: D:4-7

Altars:
Cheibriados
Dithmenos
Hepliaklqana
Kikubaaqudgha
Ru

Shops:
D:1 ?   D:2 *   D:4 *

Annotations:
D:4 Sigmund


Innate Abilities, Weirdness & Mutations

You can breathe wild blasts of lightning.
Your glossy black scales are hard. (AC +6)
You cannot fit into any form of body armour.
You are resistant to electric shocks. (rElec)
You are cold-blooded and may be slowed by cold attacks.


Message History

The steam dragon misses you.
Casting: Magic Dart (safe; 11% risk of failure)
Confirm with . or Enter, or press ? or * to list all spells.
Aiming: Magic Dart (safe; 11% risk of failure)
Press: ? - help, Shift-Dir - straight line, f - steam dragon
Aim: a steam dragon (almost dead, 100% to hit)
The magic dart hits the steam dragon but does no damage.
The steam dragon is almost dead.
You are engulfed in a cloud of scalding steam.
* * * LOW HITPOINT WARNING * * *
The steam dragon barely misses you.
The steam dragon claws you but does no damage.
Casting: Magic Dart (safe; 11% risk of failure)
Confirm with . or Enter, or press ? or * to list all spells.
Aiming: Magic Dart (safe; 11% risk of failure)
Press: ? - help, Shift-Dir - straight line, f/p - steam dragon
Aim: a steam dragon (almost dead, 100% to hit)
The magic dart hits the steam dragon.
The steam dragon is almost dead.
The steam dragon closely misses you. The steam dragon barely misses you.
Unknown command.
Casting: Magic Dart (safe; 11% risk of failure)
Confirm with . or Enter, or press ? or * to list all spells.
Aiming: Magic Dart (safe; 11% risk of failure)
Press: ? - help, Shift-Dir - straight line, f/p - steam dragon
Aim: a steam dragon (almost dead, 100% to hit)
The magic dart hits the steam dragon but does no damage.
The steam dragon is almost dead.
The steam dragon breathes steam at you. The ball of steam hits you!!
* * * LOW HITPOINT WARNING * * *
Casting: Magic Dart (safe; 11% risk of failure)
Confirm with . or Enter, or press ? or * to list all spells.
Okay, then.
Aiming: Mindburst
Press: ? - help, Shift-Dir - straight line, f/p - steam dragon
Aim: a steam dragon (almost dead, catching its breath, chance to affect: 76%)
The steam dragon barely resists.
You are engulfed in a cloud of scalding steam.
You die...

...# #.......# ...#
#.......# ...# #.......#
...# #.......#
..################<####
###..#)##..#....##.##.##
...........'...........#
....#......#.....D.....#
....#......#....@......#
....#^.....#..§§.......#
....##.....#..§§##....##
#...##.....#..§.#######
#..>.......#...§.#
#...##.....##...##
#...############# #....#
#....#


You could see a steam dragon (catching breath).

Vanquished Creatures
  An ice beast (D:5)
  An orc warrior (D:5)
  A black bear (D:5)
  3 ogres
  A phantom (D:5)
  2 scorpions
  2 vampire bats (D:3)
  A hound (D:5)
  A jelly (D:4)
  3 orc priests
  5 orc wizards
  3 iguanas
  4 gnolls (D:3)
  8 adders
  3 river rats
  An ufetubus (D:4)
  5 worms
  3 dart slugs
  17 orcs
  4 bat skeletons (D:3)
  2 bat zombies (D:3)
  3 endoplasms
  6 giant cockroaches
  9 goblins
  7 hobgoblins
  2 jackals (D:1)
  11 quokkas
  7 ball pythons
  4 bats
  7 frilled lizards
  8 kobolds
  11 rats
146 creatures vanquished.

Vanquished Creatures (others)
  5 plants
5 creatures vanquished.

Grand Total: 151 creatures vanquished

Notes
Turn   | Place    | Note
-------+----------+-------------------------------------------
     0 | D:1      | Depression the Draconian Wanderer began the quest for the
                  | Orb.
     0 | D:1      | Depression set off with the following items: a +0 club, a
                  | potion of attraction, a wand of polymorph (5), a potion of
                  | heal wounds, a +2 hat.
     0 | D:1      | Reached XP level 1. HP: 16/16 MP: 1/1
    79 | D:1      | Found a faded altar of an unknown god.
   286 | D:1      | Found Peyseixt's Magic Scroll Emporium.
   294 | D:1      | Reached XP level 2. HP: 24/24 MP: 2/2
   470 | D:1      | Reached skill level 2 in Fighting
   477 | D:1      | Reached skill level 4 in Dodging
   857 | D:1      | Reached XP level 3. HP: 30/30 MP: 3/3
  1021 | D:2      | Reached skill level 3 in Fighting
  1039 | D:2      | Found Yzuruh's Assorted Antiques.
  1044 | D:2      | Bought a scroll labelled IMOMUI WOME for 20 gold pieces
  1044 | D:2      | Bought a scroll labelled POCRISK UTIH for 20 gold pieces
  1253 | D:2      | Reached XP level 4. HP: 39/39 MP: 3/5
  1263 | D:2      | Learned a level 1 spell: Magic Dart
  1316 | D:2      | Reached skill level 1 in Spellcasting
  1598 | D:3      | Reached skill level 1 in Conjurations
  1778 | D:3      | Reached skill level 4 in Fighting
  1789 | D:3      | Found a sacrificial altar of Ru.
  1800 | D:3      | Became a worshipper of Ru the Awakened
  1842 | D:3      | Reached XP level 5. HP: 44/46 MP: 5/7
  1912 | D:3      | Reached skill level 2 in Spellcasting
  2345 | D:3      | Found an ancient bone altar of Kikubaaqudgha.
  2360 | D:3      | Reached skill level 5 in Fighting
  2360 | D:3      | Reached XP level 6. HP: 56/56 MP: 8/10
  2433 | D:4      | Found Teacvel's General Store.
  2466 | D:4      | Reached skill level 3 in Spellcasting
  2560 | D:3      | Reached skill level 2 in Conjurations
  2600 | D:4      | Reached skill level 4 in Spellcasting
  2761 | D:4      | Your scales start taking on a glossy black colour.
  2761 | D:4      | Reached XP level 7. HP: 61/61 MP: 13/13
  2761 | D:4      | Gained mutation: You are resistant to electric shocks.
                  | (rElec) [Black Draconian growth]
  2859 | D:4      | Found a hazy altar of Hepliaklqana.
  2877 | D:4      | Reached skill level 6 in Fighting
  2924 | D:4      | Found a shadowy altar of Dithmenos.
  3017 | D:4      | Noticed Sigmund
  3036 | D:5      | Entered Level 5 of the Dungeon
  3089 | D:5      | Reached skill level 7 in Fighting
  3289 | D:5      | Found a glowing drain.
  3304 | D:5      | Reached skill level 8 in Fighting
  3308 | Sewer    | Entered a sewer
  3435 | Sewer    | Reached XP level 8. HP: 72/74 MP: 14/14
  3709 | D:4      | Learned a level 3 spell: Mephitic Cloud
  4043 | D:5      | Reached skill level 1 in Air Magic
  4043 | D:5      | Reached skill level 1 in Poison Magic
  4324 | D:5      | Reached skill level 2 in Air Magic
  4725 | D:6      | Reached skill level 2 in Poison Magic
  4839 | D:6      | You fall into a shaft and drop 1 floor!
  4839 | D:7      | Found a snail-covered altar of Cheibriados.
  4891 | D:5      | Reached skill level 3 in Air Magic
  5003 | D:5      | HP: 2/77 [steam dragon/ball of steam (25)]
  5004 | D:5      | Engulfed by a steam dragon's steam

Illustrated notes

Levels and vault maps discovered:
D:1:      nzn_arrival_depleted_hourglass, layout_basic,
          hellmonk_ecumenical_altar_pennies_from_heaven, serial_shops,
          nicolae_shop_hallway_stairs, minmay_misc_feat_chi,
          hangedman_feature_mirror
D:2:      minmay_recursive_quarters, layout_rooms, serial_shops,
          nicolae_shop_trees
D:3:      layout_basic, mainiacjoe_overflow_alcove_2, kennysheep_vampire_church
D:4:      layout_basic, grunt_dithmenos_smoke_and_mirrors, serial_shops,
          nicolae_stop_n_shop_2, corexii_leaking_fountain, kennysheep_diamond,
          uniq_sigmund
D:5:      layout_gridville, gup_sewer_entry_bubbles, guppyfry_early_orc_mine
D:6:      layout_cave_pools, fedhas_altar_4, minmay_temple_entry_gardened_gates,
          uniq_maggie
D:7:      layout_loops_ring, general_overflow_altar,
          grunt_temple_overflow_diamond, serial_bayou, serial_bayou_lagoon_b,
          serial_bayou_pond_c, serial_bayou_pond_e, serial_bayou_pond_d

Skill      XL: |  1  2  3  4  5  6  7  8 |
---------------+-------------------------+-----
Fighting       | 2 3 4 5 8 |  8.8
Dodging        | 4 |  4.0
Spellcasting   | 1 2 4 |  4.0
Conjurations   | 1 2 |  2.0
Air Magic      | 3 |  3.1
Poison Magic   | 2 |  2.0
Throwing       | |  1.0
Unarmed Combat | |  1.0
Evocations     | |  3.0

Action                   |  1- 3 |  4- 6 |  7- 9 || total
-------------------------+-------+-------+-------++-------
Melee: Dagger            |    69 |   112 |   251 ||   432
       Club              |    15 |       |       ||    15
       Tailslap          |    17 |    15 |    28 ||    60
       Hand axe          |    56 |       |       ||    56
       Punch             |     2 |     3 |     2 ||     7
Throw: Dart              |       |     6 |     4 ||    10
 Cast: Magic Dart        |       |    11 |     8 ||    19
       Mephitic Cloud    |       |       |     1 ||     1
Invok: Reject Sacrifices |       |       |     1 ||     1
 Abil: Breathe Lightning |       |       |     6 ||     6
Evoke: Wand              |       |       |     2 ||     2
  Use: Scroll            |     1 |       |     3 ||     4
       Potion            |       |     1 |       ||     1
 Stab: Sleeping          |     1 |     1 |     1 ||     3
       Confused          |       |       |     1 ||     1
Armor: Skin              |    32 |    55 |    85 ||   172
Dodge: Dodged            |    91 |    88 |   170 ||   349

Table legend: (Time is in decaauts)
 A = Elapsed time spent in this place.
 B = Non-inter-level travel time spent in this place.
 C = Inter-level travel time spent in this place.
 D = Time resting spent in this place.
 E = Time spent auto-exploring this place.
 F = Levels seen in this place.
 G = Mean time per level.
                   A        B        C        D        E       F      G
               +--------+--------+--------+--------+--------+-----+--------+
         Total |   5090 |   4889 |    201 |    630 |   1618 |   8 |  636.2 |
       Dungeon |   4754 |   4553 |    201 |    630 |   1508 |   7 |  679.1 |
         Sewer |    336 |    336 |      0 |      0 |    109 |   1 |  336.0 |
               +--------+--------+--------+--------+--------+-----+--------+

Top non-repeatable levels by time:
     D:5: 1262 daAuts
     D:1: 992 daAuts
     D:3: 944 daAuts
     D:4: 775 daAuts
     D:2: 607 daAuts
   Sewer: 336 daAuts
     D:6: 154 daAuts
     D:7: 18 daAuts
